 Dungeon Crawl Stone Soup version 0.28.0-47-ge53b351184 (webtiles) character file.

Game seed: 5498338444269718251

306473 Icepheonix32 the Impassioned (level 20, -10/420 HPs)
             Began as a Demonspawn Ice Elementalist on Apr 25, 2022.
             Was a Follower of Uskayaw.
             Mangled by Asterion
             ... wielding a +3 demon trident of electrocution
              (21 damage)
             ... on level 3 of the Vaults on Apr 26, 2022.
             The game lasted 03:37:56 (52479 turns).

Icepheonix32 the Impassioned (DsIE)                Turns: 52479, Time: 03:37:58

Health: -10/420    AC: 43    Str: 15    XL:     20   Next: 30%
Magic:  0/36       EV:  2    Int: 25    God:    Uskayaw [*.....]
Gold:   3274       SH:  8    Dex: 18    Spells: 5/43 levels left

rFire   x . .      SeeInvis .   b - +7 rapier (elec)
rCold   + . .      Faith    .   N - +2 buckler {reflect}
rNeg    . . .      Spirit   +   (armour currently unavailable)
rPois   +          Reflect  +   (helmet unavailable)
rElec   .          Harm     .   (cloak currently unavailable)
rCorr   .          Rampage  .   (gloves currently unavailable)
Will    +....      NoTele   +   (boots currently unavailable)
Stlth   ..........              R - amulet of Bodily Harmony {Spirit Str+3 Int+7}
HPRegen 0.80/turn               Y - ring of ice
MPRegen 0.25/turn               W - +4 ring of slaying

@: berserking, ice-armoured, tree-form, studying Staves, very quick
A: stationary, stasis, torment immunity, boosted hp, (antennae 3), powered by
death 2, robust 3, (sanguine armour 3), demonic magic 3
}: 2/15 runes: decaying, gossamer
a: Renounce Religion, Stomp


You were on level 3 of the Vaults.
You worshipped Uskayaw.
Uskayaw was most pleased with you.
You were a tree.
You visited 8 branches of the dungeon, and saw 37 of its levels.
You visited the Abyss 1 time.
You also visited: Ossuary, Ice Cave and Volcano.

You collected 4290 gold pieces.
You spent 1016 gold pieces at shops.

Inventory:

Hand Weapons
 b - a +7 rapier of electrocution (weapon)
 Z - a +2 vorpal trident
Missiles
 e - 14 curare-tipped darts
 o - 7 silver javelins
 I - 29 boomerangs
 Q - 5 boomerangs of dispersal
 S - a throwing net
Armour
 i - a +2 pair of boots of flying (melded)
 p - the +4 skin of Zhor (melded) {*Englaciate rC+++ SInv}
   (You found it in an ice cave)

   It radiates cold, occasionally slowing all nearby creatures who are not
   resistant to cold.
   rC:        It renders you almost immune to cold.
   SInv:      It lets you see invisible.
 s - a +2 pair of gloves of stealth (melded)
 L - a +2 cloak of poison resistance (melded)
 N - a +2 buckler of reflection (worn)
 U - +0 acid dragon scales
Jewellery
 j - a +4 ring of protection
 H - a ring of positive energy
 R - the amulet of Bodily Harmony (around neck) {Spirit Str+3 Int+7}
   (You found it on level 9 of the Dungeon)

   [amulet of guardian spirit]

   It causes incoming damage to be divided between your reserves of health and
   magic.
   Str:       It affects your strength (+3).
   Int:       It affects your intelligence (+7).
 W - a +4 ring of slaying (right branch)
 Y - a ring of ice (left branch)
Wands
 c - a wand of polymorph (53)
 u - a wand of mindburst (19)
 A - a wand of iceblast (18)
 G - a wand of digging (15)
 K - a wand of acid (1)
 P - a wand of flame (25)
Scrolls
 a - 3 scrolls of teleportation
 h - 4 scrolls of amnesia
 k - 6 scrolls of magic mapping
 l - 5 scrolls of holy word
 n - 4 scrolls of fear
 t - 8 scrolls of fog
 w - 5 scrolls of torment
 z - 6 scrolls of blinking
 M - 2 scrolls of summoning
 T - 4 scrolls of silence
 X - a scroll of acquirement
Potions
 d - 8 potions of brilliance
 f - 5 potions of mutation
 g - a potion of might
 m - a potion of berserk rage
 q - 4 potions of magic
 r - 4 potions of lignification
 v - 8 potions of curing
 x - a potion of haste
 D - 4 potions of cancellation
 E - 5 potions of ambrosia
 F - 4 potions of resistance
 J - a potion of invisibility
Miscellaneous
 y - a phial of floods
 B - a condenser vane
 O - a lightning rod (4/4)
 V - a tin of tremorstones (2/2)


   Skills:
 + Level 9.0 Fighting
 + Level 12.4 Short Blades
 + Level 2.3 Throwing
 + Level 4.2 Armour
 + Level 8.7 Dodging
 + Level 13.7 Stealth
 * Level 8.0 Shields
 + Level 12.4 Spellcasting
 + Level 5.6 Hexes
 + Level 9.7 Necromancy
 * Level 17.0 Ice Magic
 * Level 17.4 Invocations
 + Level 9.1 Evocations


You had 5 spell levels left.
You knew the following spells:

 Your Spells              Type           Power      Damage    Failure   Level
a - Freeze                Ice            100%       1d11      0%          1
b - Frozen Ramparts       Ice            100%       1d12      0%          3
c - Ozocubu's Armour      Ice            100%       N/A       0%          3
d - Hailstorm             Conj/Ice       72%        3d15      1%          4
e - Metabolic Englaciati  Hex/Ice        41%        N/A       1%          5
f - Simulacrum            Ice/Necr       44%        N/A       3%          6
g - Corpse Rot            Necr/Air       78%        N/A       1%          2
h - Ozocubu's Refrigerat  Ice            50%        4d15      3%          7
i - Ensorcelled Hibernat  Hex/Ice        100%       N/A       1%          2
j - Excruciating Wounds   Necr           29%        N/A       2%          5

Your spell library contained the following spells:

 Spells                   Type           Power      Damage    Failure   Level
 Animate Skeleton         Necr           100%       N/A       1%          1
 Pain                     Necr           100%       1d9       1%          1
 Vampiric Draining        Necr           59%        2d10      1%          3
 Animate Dead             Necr           29%        N/A       1%          4
 Agony                    Necr           59%        N/A       2%          5
 Sandblast                Erth           30%        2d9       4%          1
 Sting                    Tmut/Pois      60%        1d6       4%          1
 Summon Small Mammal      Summ           60%        N/A       4%          1
 Dazzling Flash           Conj/Hex       58%        N/A       4%          3
 Portal Projectile        Hex/Tloc       58%        N/A       4%          3
 Summon Guardian Golem    Hex/Summ       29%        N/A       4%          3
 Blink                    Tloc           30%        N/A       7%          2
 Passwall                 Tmut/Erth      12%        N/A       7%          2
 Poisonous Vapours        Pois/Air       30%        N/A       7%          2
 Static Discharge         Conj/Air       15%        N/A       7%          2
 Call Canine Familiar     Summ           15%        N/A       14%         3
 Gell's Gravitas          Tloc           15%        N/A       14%         3
 Lesser Beckoning         Tloc           15%        N/A       14%         3
 Mephitic Cloud           Conj/Pois/Air  15%        N/A       14%         3
 Stone Arrow              Conj/Erth      30%        3d8       14%         3
 Teleport Other           Tloc           15%        N/A       14%         3
 Iskenderun's Mystic Bla  Conj/Tloc      15%        2d5       43%         4
 Olgreb's Toxic Radiance  Pois           15%        N/A       43%         4
 Lightning Bolt           Conj/Air       7%         1d20      78%         5
 Haunt                    Necr/Summ      19%        N/A       99%         7
 Infestation              Necr           29%        N/A       99%         8
 Polar Vortex             Ice            50%        N/A       99%         9
 Dispersal                Tloc           7%         N/A       100%        6
 Eringya's Noxious Bog    Tmut/Pois      7%         N/A       100%        6
 Starburst                Conj/Fire      7%         6d4       100%        6
 Monstrous Menagerie      Summ           7%         N/A       100%        7
 Summon Hydra             Summ           7%         N/A       100%        7
 Ignition                 Fire           7%         3d5       100%        8
 Maxwell's Capacitive Co  Air            7%         ∞         100%        8
 Summon Horrible Things   Summ           7%         N/A       100%        8


Dungeon Overview and Level Annotations

Branches:
Dungeon (15/15)            Temple (1/1) D:6            Lair (6/6) D:11
  Swamp (4/4) Lair:4       Spider (4/4) Lair:2        Slime (2/5) Lair:5
    Orc (2/2) D:11            Elf (0/3) Orc:2        Vaults (3/5) D:14
 Depths (0/4) D:15        Ossuary (visited)           IceCv (visited)
Volcano (visited)
  Crypt: Vaults:2-3

Altars:
Ashenzari
Cheibriados
Dithmenos
Elyvilon
Fedhas
Gozag
Hepliaklqana
Kikubaaqudgha
Makhleb
Nemelex Xobeh
Okawaru
Qazlal
Ru
Sif Muna
Trog
Uskayaw
Vehumet
Wu Jian
Xom
Yredelemnul
Zin
The Shining One
Beogh
Jiyva

Shops:
D:10 :   Orc:2 [([(

Portals:
Trove: D:10 (give 6 scrolls of fear)

Annotations:
D:6 2 transporters, cbfl8's ghost, novice MiDe
D:15 Roxanne
Lair:6 2 runed translucent doors
Spider:1 3 runed translucent doors, Zeor's ghost, adept DEAM
Spider:2 1 runed translucent door, Gelion's ghost, adept DECj
Orc:2 2 transporters, Modestlyawesome's ghost, journeyman GrMo
Vaults:2 2 transporters, exclusion: orange crystal statue
Vaults:3 Asterion


Innate Abilities, Weirdness & Mutations

You are a tree.
Your roots penetrate the ground, keeping you stationary.
You cannot be teleported.
You are immune to unholy pain and torment.
Your maximum health is greatly increased.
Your equipment is partially melded.
((You have a pair of large antennae on your head. (SInv)))
You regenerate health from kills.
You are extremely robust. (+30% HP)
((When seriously injured, your blood forms very thick armour. (AC +0)))
Spells you cast and wands you use may paralyse nearby enemies.


Message History

The Executioner hits you but does no damage. x2
Asterion hits you with a +3 demon trident of electrocution!!
* * * LOW HITPOINT WARNING * * *
Asterion gores you!
* * * LOW HITPOINT WARNING * * *
The Executioner hits you but does no damage. x2
The Executioner barely misses you. Something hits you but does no damage.
You can now stomp with the beat.
You feel much better.
The Executioner hits you but does no damage. x5
The Executioner hits you.
* * * LOW HITPOINT WARNING * * *
Asterion conjures a destructive force in the name of Makhleb!
The bolt of fire hits you!! The fire burns you terribly!
* * * LOW HITPOINT WARNING * * *
You block the Executioner's attack.
The Executioner hits you but does no damage. x2
Asterion says, "No maze can contain me."
You block Asterion's attack. Asterion gores you but does no damage.
Something hits you but does no damage. The heat melts your icy armour.
You feel much better. The Executioner hits you.
* * * LOW HITPOINT WARNING * * *
The Executioner hits you but does no damage. x2
The Executioner hits you!
* * * LOW HITPOINT WARNING * * *
The Executioner hits you but does no damage. x2
Asterion hits you but does no damage.
You are electrocuted!
* * * LOW HITPOINT WARNING * * *
Asterion gores you but does no damage. You block the Executioner's attack.
The Executioner hits you but does no damage. x2
Something hits you but does no damage.
A red film seems to cover your vision as you go berserk!
You feel yourself moving faster!
You feel mighty! The Executioner barely misses you.
The Executioner hits you but does no damage.
You block the Executioner's attack.
The Executioner hits you but does no damage. x3
Asterion hits you with a +3 demon trident of electrocution!!
You die...

...................# {{
..(................#
...................#
...................# ########
...............(...# #......#
.............(.[...# #.○○☼..#
...(.........(.....# #☼☼☼...#
################'#####°°.☼..#
......# #..♣....#°2○☼..#
...ZZ.# #.{H1...#.°H...#
.###.)# #.......#(p....# .#
#..# #..>....#(.....# .###÷.#
#.......#.(....# ......#
#.......'......# ......#
#[......#......# #######
#.......#......#
################


You could see Asterion (fast) and an Executioner (summoned, fast).

Vanquished Creatures
  A bone dragon (Abyss:3)
  The ghost of contendunt the Acrobat, an adept MiFi of Okawaru (Swamp:3)
  Mlioglotl (Spider:2)
  An Ice Fiend (IceCv)
  Rupert (D:14)
  3 acid blobs (D:12)
  2 tentacled starspawn (Abyss:3)
  Agnes (Spider:4)
  A tengu reaver (Vaults:1)
  A thorn hunter (Swamp:4)
  Donald (Spider:1)
  An azure jelly (D:12)
  9 emperor scorpions
  A fenstrider witch (Swamp:4)
  An orc warlord (Orc:1)
  5 ghost moths
  3 ghouls
  6 vault wardens
  2 broodmothers
  2 war gargoyles
  11 very ugly things
  11 ironbound preservers
  Nessos (D:14)
  10 ironbound thunderhulks
  The ghost of Jingleheimer the Basher, a journeyman FoFi of the Shining One (D:15)
  2 spark wasps
  4 eleionomae
  2 entropy weavers
  Azrael (D:13)
  4 bunyips
  An ettin (D:15)
  7 vault guards
  Josephine (D:14)
  A fire dragon (Volcano)
  A great orb of eyes (Vaults:1)
  A crystal guardian (Vaults:3)
  The ghost of yahweh the Cleaver, a journeyman MiBe of Trog (D:12)
  5 yaktaur captains
  A peacekeeper (Vaults:3)
  3 catoblepae
  28 hydras
  An ogre mage (D:11)
  2 jorogumos (Spider:2)
  2 caustic shrike simulacra (IceCv)
  A spriggan air mage (Swamp:2)
  15 centaur warriors
  Erica (Lair:2)
  An ironbound frostheart (Vaults:1)
  5 boulder beetles
  2 death knights
  A spriggan skeleton (Abyss:3)
  2 radroaches (Spider:3)
  14 alligators
  4 ghost crabs
  5 two-headed ogres
  5 death yaks (Lair:5)
  4 tengu warriors
  3 thrashing horrors (Abyss:3)
  Nergalle (Lair:3)
  Sonja (Lair:4)
  A deep elf knight (D:14)
  2 goliath frogs
  A shadow wraith (Vaults:1)
  A spatial maelstrom (Abyss:3)
  9 pharaoh ants
  23 deep trolls
  3 sun moths
  7 steelbarb worms
  2 swamp dragons
  2 obsidian statues (IceCv)
  6 orb spiders
  3 bog bodies (IceCv)
  2 spriggan druids
  A swamp dragon (shapeshifter) (D:15)
  5 ironbound convokers
  2 spriggan simulacra (IceCv)
  6 wizards
  10 lindwurms
  2 necromancers
  Pikel (D:6)
  4 deep elf pyromancers
  3 orc knights
  3 orc sorcerers
  43 ugly things
  An oklob plant (Lair:5)
  19 wolf spiders
  A worldbinder (Abyss:3)
  6 will-o-the-wisps
  5 manticores
  10 elephants
  2 cyclopes
  2 moths of wrath
  8 black mambas
  2 torpor snails
  3 smoke demons
  3 gargoyles (D:14)
  7 vault sentinels
  3 molten gargoyles (Lair:6)
  19 cane toads
  An eye of devastation (D:12)
  An orange demon (Abyss:2)
  3 unseen horrors
  2 rime drakes
  30 yaktaurs
  A hellwing (Abyss:3)
  3 demonic crawlers
  An entropy weaver simulacrum (IceCv)
  18 komodo dragons
  2 tengu conjurers
  An ice devil (IceCv)
  2 freezing wraiths (IceCv)
  2 yaktaur zombies (Vaults:1)
  A human skeleton (Vaults:1)
  3 ancient zymes (Abyss:3)
  A golden dragon simulacrum (IceCv)
  A queen bee (Lair:3)
  2 trolls (shapeshifter)
  11 tyrant leeches
  13 hornets
  8 trolls
  12 meliai
  A polar bear (Lair:2)
  25 tarantellas
  10 blink frogs
  33 slime creatures
  17 dream sheep
  30 jumping spiders
  15 culicivoras
  7 spriggans
  Sigmund (D:2)
  3 shadows
  9 wyverns
  3 wraiths
  37 yaks
  Eustachio (D:6)
  8 fire bats (Volcano)
  A chaos spawn (Abyss:3)
  2 small abominations (Abyss:3)
  59 redbacks
  10 basilisks
  5 fire elementals (D:13)
  3 steam dragons
  2 wargs
  A minotaur simulacrum (IceCv)
  3 spatial vortices
  A neqoxec (Abyss:3)
  4 large abominations (Abyss:3)
  20 vampire mosquitoes
  3 acid dragons
  14 swamp worms
  9 hell hounds
  8 water moccasins
  A hornet zombie (D:6)
  4 hydra simulacra (IceCv)
  28 orc warriors
  6 swamp drakes
  4 ettin simulacra (IceCv)
  An ice beast (D:7)
  2 sky beasts
  2 necrophages
  5 boggarts
  11 centaurs
  6 ogres
  9 wolves
  4 phantoms
  A kobold brigand (D:7)
  15 bullfrogs
  A deep troll simulacrum (IceCv)
  4 water moccasin zombies
  10 scorpions
  A wyvern skeleton (D:5)
  4 water moccasin skeletons
  61 killer bees
  4 electric eels
  A vampire bat (Lair:3)
  3 wights (D:9)
  7 howler monkeys
  11 lava snakes
  5 starcursed masses
  A human simulacrum (Vaults:1)
  9 centaur zombies
  A human zombie (Ossuary)
  3 jellies
  5 hounds
  2 gnoll shamans
  21 orc priests
  An iron imp (Abyss:3)
  Jessica (D:2)
  5 iguanas
  37 orc wizards
  5 scorpion zombies (Ossuary)
  Natasha (thrice) (D:2)
  2 hell rats
  3 killer bee zombies
  3 mummies (Ossuary)
  Robin (D:2)
  2 howler monkey zombies
  13 gnolls
  3 howler monkey skeletons
  4 adders
  A white imp (Abyss:3)
  An ufetubus (D:7)
  An adder zombie (D:5)
  2 adder skeletons
  A worm (D:2)
  110 orcs
  4 endoplasms
  2 giant cockroaches
  2 gnoll zombies (Ossuary)
  13 goblins
  10 hobgoblins
  7 jackals
  2 kobolds
  2 quokkas
  3 ball pythons
  12 bats
  A frilled lizard (D:2)
  3 goblin zombies (Ossuary)
  A hobgoblin zombie (Ossuary)
  A kobold zombie (Ossuary)
  4 orc zombies (Ossuary)
  5 rats
  4 briar patches (Swamp:4)
1436 creatures vanquished.

Vanquished Creatures (collateral kills)
  the Lernaean hydra (Swamp:4)
  Nikola (Swamp:3)
  2 eleionomae (Swamp:4)
  A bunyip (Swamp:3)
  A vault guard (Vaults:1)
  4 hydras
  A ghost crab (Swamp:4)
  2 two-headed ogres
  An ironbound frostheart (Vaults:2)
  2 alligators (Swamp:4)
  A death yak (Lair:5)
  A goliath frog (Swamp:4)
  12 swamp dragons
  2 deep trolls (Vaults:2)
  2 orb spiders
  2 spriggan druids
  An orc sorcerer (D:14)
  2 ugly things (Vaults:3)
  A moth of wrath (Spider:2)
  A black mamba (Lair:6)
  2 torpor snails
  2 cane toads (Lair:6)
  4 hornets
  2 slime creatures
  A tyrant leech (Swamp:1)
  2 blink frogs (Lair:6)
  2 dream sheep
  A wraith (D:14)
  3 spriggans
  A wyvern (Lair:6)
  2 vampire mosquitoes (Swamp:3)
  2 redbacks (Spider:2)
  2 basilisks (Lair:6)
  A swamp worm (Swamp:3)
  A water moccasin (Lair:4)
  3 swamp drakes (Swamp:4)
  A lava snake (Lair:6)
  2 hell rats (Lair:6)
75 creatures vanquished.

Vanquished Creatures (others)
  2 bloated husks
  A small abomination (Abyss:3)
  A spriggan (Swamp:1)
  2 redbacks (Spider:2)
  An orc wizard (Orc:2)
  2 briar patches (Swamp:4)
  A bush (Lair:6)
  14 foxfires
  19 fungi
  48 plants
  9 starspawn tentacles (Abyss:3)
100 creatures vanquished.

Grand Total: 1611 creatures vanquished

Notes
Turn   | Place    | Note
-------+----------+-------------------------------------------
     0 | D:1      | Icepheonix32 the Demonspawn Ice Elementalist began the
                  | quest for the Orb.
     0 | D:1      | Reached XP level 1. HP: 13/13 MP: 3/3
   301 | D:1      | Gained mutation: You regenerate a little health from kills.
                  | [demonic ancestry]
   301 | D:1      | Reached XP level 2. HP: 4/19 MP: 1/5
  1127 | D:1      | Found a faded altar of an unknown god.
  1651 | D:2      | Noticed Sigmund
  1666 | D:2      | Killed Sigmund
  1667 | D:2      | Reached skill level 1 in Fighting
  1667 | D:2      | Reached skill level 5 in Ice Magic
  1667 | D:2      | Gained mutation: You have a pair of small antennae on your
                  | head. [demonic ancestry]
  1667 | D:2      | Reached XP level 3. HP: 22/26 MP: 1/6
  1667 | D:2      | Gained mutation: Spells you cast may paralyse adjacent
                  | enemies. [demonic ancestry]
  1667 | D:2      | Reached XP level 4. HP: 27/32 MP: 1/7
  1667 | D:2      | Gained mutation: You have a pair of antennae on your head.
                  | [demonic ancestry]
  1667 | D:2      | Reached XP level 5. HP: 32/37 MP: 1/8
  1736 | D:2      | Noticed Jessica
  1742 | D:2      | Killed Jessica
  1747 | D:2      | Learned a level 3 spell: Frozen Ramparts
  1751 | D:2      | Learned a level 3 spell: Ozocubu's Armour
  1939 | D:2      | Noticed Natasha
  1944 | D:2      | Killed Natasha
  1949 | D:2      | Noticed Natasha
  1953 | D:2      | Killed Natasha
  1959 | D:2      | Noticed Natasha
  1974 | D:2      | Killed Natasha
  1975 | D:2      | Reached XP level 6. HP: 11/44 MP: 1/9
  2217 | D:2      | Noticed Robin
  2224 | D:2      | Killed Robin
  2915 | D:3      | Found an iron altar of Okawaru.
  3885 | D:4      | Reached XP level 7. HP: 46/50 MP: 3/10
  4313 | D:4      | Identified a scroll of acquirement
  4327 | D:5      | Entered Level 5 of the Dungeon
  4359 | D:5      | Got Koruj's Collected Works on the Supportive Compass
  4473 | D:5      | Acquired 774 gold pieces
  4475 | D:5      | Acquired a +4 rapier of electrocution
  4504 | D:5      | Found a sand-covered staircase.
  4509 | Ossuary  | Entered an ossuary
  4703 | Ossuary  | Reached skill level 1 in Short Blades
  4772 | Ossuary  | Reached XP level 8. HP: 56/57 MP: 6/11
  5722 | D:5      | Gained mutation: Spells you cast may paralyse nearby
                  | enemies. [demonic ancestry]
  5722 | D:5      | Reached XP level 9. HP: 57/64 MP: 9/14
  6084 | D:6      | Noticed Eustachio
  6093 | D:6      | Killed Eustachio
  6292 | D:6      | Found a transporter.
  6296 | D:6      | Noticed cbfl8's ghost (novice MiDe)
  6370 | D:6      | Noticed Pikel
  6374 | D:6      | Reached skill level 5 in Short Blades
  6376 | D:6      | Killed Pikel
  6377 | D:6      | Reached skill level 5 in Stealth
  6839 | D:6      | Found a transporter.
  6896 | D:6      | Found a staircase to the Ecumenical Temple.
  6904 | Temple   | Entered the Ecumenical Temple
  7000 | Temple   | Became a worshipper of Uskayaw the Reveller
  7139 | D:7      | Reached * piety under Uskayaw
  7143 | D:7      | Reached ** piety under Uskayaw
  7291 | D:7      | Reached *** piety under Uskayaw
  7292 | D:7      | Gained mutation: You have a pair of large antennae on your
                  | head. (SInv) [demonic ancestry]
  7292 | D:7      | Reached XP level 10. HP: 71/71 MP: 12/16
  7296 | D:7      | Reached **** piety under Uskayaw
  7324 | D:7      | Reached ***** piety under Uskayaw
  7449 | D:7      | Reached skill level 1 in Armour
  7519 | D:7      | Reached skill level 5 in Spellcasting
  7763 | D:7      | Reached skill level 1 in Invocations
  7915 | D:7      | Found a shimmering blue altar of Sif Muna.
  7924 | D:7      | Found a blossoming altar of Fedhas.
  8008 | D:7      | Learned a level 4 spell: Hailstorm
  8154 | D:8      | Found a basalt altar of Yredelemnul.
  8937 | D:9      | Noticed a two-headed ogre
  8945 | D:9      | Killed a two-headed ogre
  8946 | D:9      | Reached skill level 10 in Ice Magic
  9326 | D:9      | Identified the amulet of Bodily Harmony {Spirit Str+3
                  | Int+7}
  9388 | D:9      | Reached XP level 11. HP: 76/78 MP: 12/19
  9611 | D:10     | Entered Level 10 of the Dungeon
  9611 | D:10     | Noticed a two-headed ogre
  9624 | D:10     | Killed a two-headed ogre
  9732 | D:10     | Reached skill level 5 in Invocations
  9859 | D:10     | Found a portal to a secret trove of treasure.
 10249 | D:10     | Found a hazy altar of Hepliaklqana.
 10275 | D:10     | Found Sicit's Book Shop.
 10281 | D:10     | Bought a book of Winter for 442 gold pieces
 10287 | D:10     | Learned a level 5 spell: Metabolic Englaciation
 10294 | D:10     | Learned a level 6 spell: Simulacrum
 10602 | D:10     | Reached skill level 1 in Necromancy
 10809 | D:11     | Found an ancient bone altar of Kikubaaqudgha.
 11129 | D:11     | Found a staircase to the Orcish Mines.
 11229 | D:11     | Found a staircase to the Lair.
 11238 | D:11     | Noticed a tengu warrior
 11269 | D:11     | Reached skill level 1 in Hexes
 11445 | D:11     | Noticed an ogre mage
 11453 | D:11     | Killed an ogre mage
 11471 | D:11     | Noticed a tengu warrior
 11479 | D:11     | Killed a tengu warrior
 11667 | D:11     | Noticed a deep elf pyromancer
 11671 | D:11     | Killed a deep elf pyromancer
 11683 | D:11     | Noticed a seven-headed hydra
 11692 | D:11     | Killed a seven-headed hydra
 11781 | D:11     | Noticed a seven-headed hydra
 11785 | D:11     | Killed a seven-headed hydra
 11949 | D:11     | Noticed a death knight
 11949 | D:11     | Noticed a wizard
 11949 | D:11     | Noticed a six-headed hydra
 11949 | D:11     | Noticed a green ugly thing
 11955 | D:11     | Killed a wizard
 11955 | D:11     | Killed a six-headed hydra
 11956 | D:11     | Gained mutation: When seriously injured, your blood forms
                  | armour. (AC +0) [demonic ancestry]
 11956 | D:11     | Reached XP level 12. HP: 44/85 MP: 9/22
 11961 | D:11     | Reached ****** piety under Uskayaw
 11962 | D:11     | Killed a death knight
 11963 | D:11     | Reached skill level 5 in Fighting
 12093 | D:11     | Identified the +1 hunting sling "Iwku" {venom, rN+ Str+3}
 12096 | D:11     | Got Upsisoh's Compendium of the Escort
 12266 | D:11     | Killed a tengu warrior
 12618 | D:11     | Noticed a boulder beetle
 12629 | D:11     | Killed a boulder beetle
 12678 | D:11     | Reached skill level 5 in Dodging
 12849 | Orc:1    | Entered Level 1 of the Orcish Mines
 13129 | Orc:1    | Learned a level 2 spell: Corpse Rot
 13169 | Orc:2    | Entered Level 2 of the Orcish Mines
 13579 | Orc:2    | Reached skill level 5 in Necromancy
 13865 | Orc:2    | Found a staircase to the Elven Halls.
 13869 | Orc:2    | Found a transporter.
 13877 | Orc:2    | Found a transporter.
 13878 | Orc:2    | Noticed a stone giant
 13915 | Orc:2    | Found Majonkuw's Weapon Shop.
 13964 | Orc:2    | Found a bloodstained altar of Trog.
 13973 | Orc:2    | Noticed a two-headed ogre
 13973 | Orc:2    | Noticed Modestlyawesome's ghost (journeyman GrMo)
 14010 | Orc:2    | Found Piluatie's Armour Emporium.
 14202 | Orc:2    | Noticed an orc warlord
 14205 | Orc:2    | Reached skill level 1 in Evocations
 14610 | Orc:1    | Killed an orc warlord
 14731 | Orc:2    | Found Yfoitrom's Antique Armour Shop.
 14736 | Orc:2    | Found Kimuall's Antique Weapon Boutique.
 15019 | Orc:2    | Gained mutation: You regenerate health from kills. [demonic
                  | ancestry]
 15019 | Orc:2    | Reached XP level 13. HP: 85/91 MP: 19/23
 15792 | Orc:2    | Bought a smoking scale mail for 252 gold pieces
 15792 | Orc:2    | Identified the +0 scale mail "Rilokh" {Harm Dex+3} (You
                  | bought it in a shop on level 2 of the Orcish Mines)
 15792 | Orc:2    | Bought a shiny scale mail for 196 gold pieces
 15796 | Orc:2    | Bought a pair of gloves for 126 gold pieces
 15975 | Lair:1   | Entered Level 1 of the Lair of Beasts
 16129 | Lair:1   | Acquired a +1 buckler of poison resistance
 16139 | Lair:1   | Acquired the Unrestrained Analects
 16162 | Lair:1   | You are sucked into a shaft and drop 1 floor!
 16162 | Lair:2   | Found a hole to the Spider Nest.
 16191 | Lair:2   | Reached skill level 5 in Hexes
 16204 | Lair:2   | Identified the +0 trident of Defiance {holy, rPois rF+}
 16352 | Lair:2   | Noticed Erica
 16414 | Lair:2   | Killed Erica
 17281 | Lair:2   | Reached skill level 1 in Shields
 17701 | Lair:3   | Found a shimmering altar of Xom.
 17821 | Lair:3   | Reached skill level 1 in Throwing
 18095 | Lair:3   | Noticed Nergalle
 18105 | Lair:3   | Killed Nergalle
 18824 | Lair:4   | Noticed Sonja
 18831 | Lair:4   | Killed Sonja
 19374 | Lair:4   | Gained mutation: When seriously injured, your blood forms
                  | thick armour. (AC +0) [demonic ancestry]
 19374 | Lair:4   | Reached XP level 14. HP: 99/99 MP: 25/25
 19623 | Lair:4   | Found a staircase to the Swamp.
 20285 | Lair:5   | Found a staircase to the Slime Pits.
 20286 | Lair:5   | Found a viscous altar of Jiyva.
 20304 | Lair:5   | Found a dark tunnel.
 20315 | Volcano  | Entered a volcano
 20718 | Volcano  | Found a radiant altar of Vehumet.
 21335 | Lair:5   | Reached skill level 10 in Invocations
 22363 | Lair:5   | Reached skill level 5 in Evocations
 22822 | Lair:6   | Entered Level 6 of the Lair of Beasts
 23402 | Lair:6   | Reached skill level 10 in Stealth
 23526 | Lair:6   | Found a large runed translucent door.
 23526 | Lair:6   | Found a large runed translucent door.
 24073 | Lair:6   | Reached XP level 15. HP: 105/105 MP: 19/27
 24946 | Spider:1 | Entered Level 1 of the Spider Nest
 25073 | Spider:1 | Identified the +4 falchion of Megalomania {vorpal, Dex+3}
 25309 | Spider:1 | Reached skill level 5 in Shields
 25923 | Spider:1 | Learned a level 7 spell: Ozocubu's Refrigeration
 26013 | Spider:1 | Noticed Donald
 26380 | Spider:1 | Found a runed translucent gate.
 26381 | Spider:1 | Found a runed translucent gate.
 26382 | Spider:1 | Found a runed translucent gate.
 26391 | Spider:1 | Noticed Zeor's ghost (adept DEAM)
 26460 | Spider:1 | Killed Donald
 26578 | Spider:1 | Noticed an emperor scorpion
 27168 | Spider:2 | Noticed Mlioglotl
 27445 | Spider:2 | Noticed Gelion's ghost (adept DECj)
 27445 | Spider:2 | Found a runed translucent door.
 27445 | Spider:2 | Found a shimmering altar of Xom.
 27755 | Spider:2 | Noticed an emperor scorpion
 27756 | Spider:2 | Noticed an emperor scorpion
 27760 | Spider:2 | Noticed an emperor scorpion
 27767 | Spider:2 | Killed an emperor scorpion
 27779 | Spider:2 | Killed an emperor scorpion
 27783 | Spider:2 | Killed an emperor scorpion
 27784 | Spider:2 | Noticed an emperor scorpion
 27787 | Spider:2 | Killed an emperor scorpion
 27919 | Spider:2 | Killed Mlioglotl
 27920 | Spider:2 | Gained mutation: You are robust. (+10% HP) [demonic
                  | ancestry]
 27920 | Spider:2 | Reached XP level 16. HP: 63/124 MP: 5/29
 28509 | Spider:3 | Reached skill level 10 in Short Blades
 30514 | Swamp:1  | Entered Level 1 of the Swamp
 31085 | Swamp:1  | Got Jiok Yts's Catalogue of Virous Cold
 33486 | Swamp:3  | Found a large runed translucent door.
 33489 | Swamp:3  | Found a large runed translucent door.
 33546 | Swamp:3  | Noticed Nikola
 33558 | Swamp:3  | Gained mutation: You are very robust. (+20% HP) [demonic
                  | ancestry]
 33558 | Swamp:3  | Reached XP level 17. HP: 115/144 MP: 13/30
 33575 | Swamp:3  | Killed Nikola
 33839 | Swamp:3  | Reached skill level 10 in Spellcasting
 34550 | Swamp:3  | Noticed contendunt's ghost (adept MiFi)
 34607 | Swamp:4  | Entered Level 4 of the Swamp
 35274 | Spider:4 | Entered Level 4 of the Spider Nest
 35327 | Spider:4 | Noticed Agnes
 35340 | Spider:4 | Killed Agnes
 35518 | Spider:4 | Learned a level 2 spell: Ensorcelled Hibernation
 36751 | Spider:4 | Got a gossamer rune of Zot
 37077 | Slime:1  | Entered Level 1 of the Pits of Slime
 37224 | Slime:1  | Found a viscous altar of Jiyva.
 37281 | Slime:2  | Noticed an acid blob
 37774 | Swamp:3  | HP: 7/146 [contendunt's ghost (12)]
 37785 | Swamp:3  | Killed contendunt's ghost
 38189 | Swamp:4  | Gained mutation: When seriously injured, your blood forms
                  | very thick armour. (AC +0) [demonic ancestry]
 38189 | Swamp:4  | Reached XP level 18. HP: 154/154 MP: 22/32
 38200 | Swamp:4  | Noticed the 27-headed Lernaean hydra
 38203 | Swamp:4  | Killed the 27-headed Lernaean hydra
 38805 | Swamp:4  | Got a decaying rune of Zot
 39709 | D:12     | Found a runed translucent gate.
 39710 | D:12     | Found a runed translucent gate.
 39710 | D:12     | Found a runed translucent gate.
 39712 | D:12     | Noticed yahweh's ghost (journeyman MiBe)
 39809 | D:12     | Found a viscous altar of Jiyva.
 39822 | D:12     | Reached skill level 15 in Ice Magic
 39822 | D:12     | Reached skill level 15 in Invocations
 39831 | D:12     | Killed yahweh's ghost
 40467 | D:13     | Noticed Azrael
 40500 | D:13     | Killed Azrael
 41155 | D:14     | Found a frozen archway.
 41180 | IceCv    | Entered an ice cave
 42275 | IceCv    | Noticed an Ice Fiend
 42288 | IceCv    | Killed an Ice Fiend
 42289 | IceCv    | Found the +4 skin of Zhor {*Englaciate rC+++ SInv}
 42796 | D:14     | Noticed Nessos
 42800 | D:14     | Killed Nessos
 43026 | D:14     | Noticed Rupert
 43052 | D:14     | Found an opulent altar of Gozag.
 43081 | D:14     | Killed Rupert
 43082 | D:14     | Noticed Josephine
 43097 | D:14     | Killed Josephine
 43586 | D:14     | Paralysed by an orc sorcerer for 5 turns
 43743 | D:14     | Found a gate to the Vaults.
 44208 | D:15     | Entered Level 15 of the Dungeon
 44269 | D:15     | Found a runed translucent door.
 44416 | D:15     | Gained mutation: You are extremely robust. (+30% HP)
                  | [demonic ancestry]
 44416 | D:15     | Reached XP level 19. HP: 134/176 MP: 19/34
 44514 | D:15     | Found a staircase to the Depths.
 44751 | D:15     | Noticed Roxanne
 45085 | D:15     | Noticed Jingleheimer's ghost (journeyman FoFi)
 45605 | D:15     | Killed Jingleheimer's ghost
 45767 | Vaults:1 | Entered Level 1 of the Vaults
 46007 | Vaults:1 | Cast into level 2 of the Abyss (a wizard)
 46072 | Abyss:2  | Paralysed by accursed screaming for 1 turns
 46381 | Abyss:3  | Noticed a bone dragon
 46400 | Abyss:3  | Noticed a bone dragon
 46420 | Abyss:3  | Killed a bone dragon
 46676 | Vaults:1 | Escaped the Abyss
 47785 | Vaults:1 | Got the Handbook of the Hidden Seers
 48096 | Vaults:1 | HP: 8/176 [ironbound thunderhulk/bolt of lightning (29)]
 50056 | Vaults:2 | Gained mutation: Spells you cast and wands you use may
                  | paralyse nearby enemies. [demonic ancestry]
 50056 | Vaults:2 | Reached XP level 20. HP: 178/185 MP: 36/36
 50086 | Vaults:2 | Learned a level 5 spell: Excruciating Wounds
 50240 | Vaults:2 | Found a transporter.
 50258 | Vaults:2 | Found a transporter.
 51658 | Vaults:3 | Noticed Asterion
 52476 | Vaults:3 | HP: 9/280 [Asterion/+3 demon trident of electrocution (9)]
 52479 | Vaults:3 | Mangled by Asterion

Illustrated notes

Levels and vault maps discovered:
D:1:      minmay_arrival_split_and_join, layout_basic,
          hellmonk_ecumenical_altar_heavens_door
D:2:      layout_loops_corners, uniq_natasha, uniq_robin, uniq_sigmund,
          uniq_jessica
D:3:      layout_basic, okawaru_trees_1, minmay_goblin_kobold_house
D:4:      layout_loops_ring
D:5:      minmay_chambers_of_threes, layout_basic, enter_ossuary_5,
          minmay_misc_feat_pillars, kennysheep_generic_room_7
D:6:      layout_cave_pools, minmay_temple_entry_fiery,
          gammafunk_ghost_stat_death, uniq_eustachio, uniq_pikel
D:7:      nicolae_cairo_tiling_large_dashed, layout_cave_pools,
          mainiacjoe_overflow_swirl, minmay_joined_circles
D:8:      layout_basic, mainiacjoe_overflow_six_doors_small
D:9:      layout_gridville, zin_academy
D:10:     layout_cave_pods, nicolae_hepliaklqana_hazy_memory, serial_shops,
          kennysheep_little_box, nicolae_trove_entry_diagonal
D:11:     minmay_the_grid_octo_tiled_octocenter [minmay_the_grid_octo_clover_2,
          minmay_the_grid_octo_77, minmay_the_grid_octo_thin_diamonds,
          minmay_the_grid_octo_concentric, minmay_the_grid_octo_prize_star,
          minmay_the_grid_square_5x5_sharp_hourglass,
          minmay_the_grid_square_5x5_minivault,
          minmay_the_grid_square_5x5_corner, minmay_the_grid_square_5x5_seven],
          layout_long_grid, david_orc_3, hangedman_feature_mirror
D:12:     layout_basic, gammafunk_ghost_ooze, serial_bayou_lagoon_b
D:13:     layout_roguey, uniq_azrael
D:14:     layout_basic, grunt_vaults_entry_fortified,
          portal_ice_cave_entry_ugly_swarm, tso_altar,
          nicolae_gozag_cash_rules_everything_around_me, uniq_josephine,
          uniq_rupert, uniq_nessos
D:15:     hangedman_depths_entry_civil_slaughter, layout_irregular_city,
          ebering_ghost_reflecting_pool, minmay_variable_closet,
          lightli_fourway_metalbox, uniq_roxanne
Temple:   lightli_temple_of_artemis
Lair:1:   layout_loops_ring, st_stairs_7
Lair:2:   layout_misc_corridors, hellmonk_spider_entry_not_the_bees,
          serial_bayou_shore_b, uniq_erica
Lair:3:   layout_roguey [special_room_bee], basic_altar, roderic_batcave,
          serial_bayou_lake_a, uniq_nergalle
Lair:4:   layout_layer_cave, minmay_swamp_entry_swarm, uniq_sonja
Lair:5:   nzn_winding_woodlands_stair_cross [nzn_winding_woodlands_5x15_garden,
          nzn_winding_woodlands_center_garden,
          nzn_winding_woodlands_5x15_pathside_ponds,
          nzn_winding_woodlands_5x5_checkerboard,
          nzn_winding_woodlands_5x5_perimeter, nzn_winding_woodlands_5x15_pool,
          nzn_winding_woodlands_center_triple_pond,
          nzn_winding_woodlands_5x15_sawtooth], layout_cellular_growth,
          slime_altar_1, nicolae_volcano_entry_hallway, grunt_megastairs_3
Lair:6:   cheibrodos_lair_end_hotspot, layout_regular_city
Swamp:1:  layout_basic_swamp, nicolae_swamp_tree_designs, swamp_pool5
Swamp:2:  layout_falls_marsh, hangedman_swamp_cone
Swamp:3:  layout_basic_swamp, ebering_ghost_disaster_area,
          hangedman_swamp_ruin_wall, swamp_pool2, nicolae_swamp_baby_hydras,
          uniq_nikola
Swamp:4:  swamp_old_school, layout_basic_swamp
Spider:1: layout_cave_pods, gammafunk_ghost_tricky_traps, uniq_donald
Spider:2: layout_spider_delve, ebering_ghost_xom, nicolae_spider_scorpion_nest,
          uniq_mlioglotl
Spider:3: nicolae_spider_hilbert_zone_5 [nicolae_spider_hilbert_3_sides_1_open,
          nicolae_spider_hilbert_4_sides_1_open,
          nicolae_spider_hilbert_4_sides_1_open,
          nicolae_spider_hilbert_6_sides_1_open,
          nicolae_spider_hilbert_6_sides_1_open],
          hangedman_spider_tarantella_strand
Spider:4: guppyfry_spider_rune, spiders_nest_hornet_nest, uniq_agnes
Slime:1:  nicolae_slime_pool, layout_caves, basic_altar
Slime:2:  layout_caves, cheibrodos_slime_lost_civilization_4
Orc:1:    layout_diamond_mine
Orc:2:    grunt_orc_community_town_hall, layout_diamond_mine,
          grunt_orc_community_big_house_1, grunt_orc_community_big_house_2,
          grunt_orc_community_house_3, grunt_orc_community_house_3,
          grunt_orc_community_house_1, grunt_orc_community_house_2,
          grunt_orc_community_house_1, grunt_orc_community_house_3,
          gammafunk_ghost_wrathful_warriors, mines2_david
Vaults:1: hangedman_vaults_restitches, vaults_mumra_chevron_long, v_pattern_2,
          v_misc_23, vaults_room_fours, st_diamondy, hangedman_vaults_slither,
          v_misc_15, v_misc_28, vaults_standard_mumra_x,
          grunt_vaults_hallway_short, layout_vaults_ring
Vaults:2: vaults_room_boxed, nicolae_vaults_sealed_display,
          hangedman_vaults_snaps, gammafunk_sealed_arena,
          vaults_room_semicircle, vaults_dpeg_diagonal, v_misc_11, v_misc_5,
          nicolae_vaults_big_ls, nicolae_vaults_shelves_hall, vaults_room_pools,
          layout_vaults_omnigrid
Vaults:3: gammafunk_ghost_necromancy, minmay_crypt_entry_simple_round,
          vaults_room_pool, nicolae_vaults_meeting, vaults_dpeg_encased_lava,
          vaults_room_pool, grunt_vaults_focal, nicolae_vaults_network_square,
          grunt_vaults_hallway_short, ontoclasm_vaults_ligature,
          hangedman_vaults_stretched_pinwheel, nicolae_vaults_little_ls,
          dpeg_vaults_monster_box, hangedman_vaults_stretched_pinwheel,
          ontoclasm_vaults_loading_screen, layout_vaults_omnicross,
          uniq_asterion

Skill      XL: |  1  2  3  4  5  6  7  8  9 10 11 12 13 14 15 16 17 18 19 20 |
---------------+-------------------------------------------------------------+-----
Ice Magic      | 4 5 6 7 8 9 10 11 12 13 14 15 16 17 | 17.0
Fighting       | 1 2 3 4 5 6 7 8 9 |  9.0
Stealth        | 2 3 4 5 6 7 8 9 10 11 12 13 | 13.7
Dodging        | 2 3 4 5 6 7 8 |  8.7
Short Blades   | 2 4 5 6 7 8 9 10 11 12 | 12.4
Spellcasting   | 3 4 5 6 7 8 9 10 11 12 | 12.4
Armour         | 1 2 3 4 |  4.2
Invocations    | 4 6 8 9 10 11 13 14 16 17 | 17.4
Necromancy     | 3 5 6 8 9 |  9.7
Hexes          | 3 4 5 |  5.6
Evocations     | 1 4 5 7 8 9 |  9.1
Shields        | 2 4 5 6 7 8 |  8.0
Throwing       | 1 2 |  2.3

Action                   |  1- 3 |  4- 6 |  7- 9 | 10-12 | 13-15 | 16-18 | 19-21 || total
-------------------------+-------+-------+-------+-------+-------+-------+-------++-------
Melee: Mace              |    38 |    32 |       |       |       |       |       ||    70
       Unarmed           |     1 |       |       |       |       |       |       ||     1
       Punch             |       |     4 |     2 |     8 |       |       |       ||    14
       Dagger            |       |    87 |    22 |       |       |       |       ||   109
       Rapier            |       |       |   266 |   540 |  1054 |  1539 |   777 ||  4176
       Trident           |       |       |       |       |       |     4 |       ||     4
Throw: Boomerang         |       |       |       |     4 |    10 |    41 |     3 ||    58
       Dart              |       |       |       |       |       |     1 |       ||     1
 Cast: Freeze            |    23 |     4 |       |     3 |     2 |       |       ||    32
       Ozocubu's Armour  |       |    16 |    19 |    47 |    68 |   106 |    54 ||   310
       Frozen Ramparts   |       |     7 |    17 |    47 |    71 |    46 |    59 ||   247
       Metabolic Englaci |       |       |       |     2 |    11 |    21 |     4 ||    38
       Hailstorm         |       |       |       |     2 |     2 |     5 |     1 ||    10
       Simulacrum        |       |       |       |       |    18 |    37 |    27 ||    82
       Corpse Rot        |       |       |       |       |     4 |     1 |     4 ||     9
       Ozocubu's Refrige |       |       |       |       |       |     6 |     8 ||    14
       Ensorcelled Hiber |       |       |       |       |       |       |     4 ||     4
       Excruciating Woun |       |       |       |       |       |       |     1 ||     1
Invok: Stomp             |       |       |       |       |       |     2 |     3 ||     5
Evoke: Tin of tremorston |       |       |       |     1 |       |     1 |       ||     2
       Wand              |       |       |       |       |    10 |    43 |     1 ||    54
       Lightning rod     |       |       |       |       |       |     2 |     1 ||     3
  Use: Potion            |     2 |     1 |       |     4 |     2 |    10 |    10 ||    29
       Scroll            |       |       |    15 |    14 |    11 |     4 |     5 ||    49
 Stab: Paralysed         |       |    15 |    19 |    84 |   143 |   124 |    82 ||   467
       Sleeping          |       |     4 |    10 |    26 |    18 |    40 |    18 ||   116
       Distracted        |       |       |       |     2 |       |     4 |    11 ||    17
Armor: Robe              |    28 |    42 |   121 |   174 |       |       |       ||   365
       Troll leather arm |       |       |       |    46 |   426 |   519 |       ||   991
       Skin              |       |       |       |       |       |    13 |    51 ||    64
       Acid dragon scale |       |       |       |       |       |    82 |       ||    82
       Animal skin       |       |       |       |       |       |    38 |   197 ||   235
Dodge: Dodged            |    62 |    61 |   160 |   266 |   551 |   775 |   295 ||  2170
Block: Buckler           |       |       |       |       |   243 |   419 |   199 ||   861
       Reflection        |       |       |       |       |       |       |    11 ||    11
